 Dungeon Crawl Stone Soup version 0.29.1-1-gd02db6906a (webtiles) character file.

Game seed: 8428735290285729400

564 EvilAshe the Skirmisher (level 7, -14/40 HPs)
             Began as a Kobold Hunter on Sept 18, 2022.
             Demolished by an ogre
             ... wielding a +0 giant spiked club
              (30 damage)
             ... on level 5 of the Dungeon.
             The game lasted 00:13:09 (6495 turns).

EvilAshe the Skirmisher (Kobold Hunter)             Turns: 6495, Time: 00:13:10

Health: -14/40     AC:  9    Str:  9    XL:     7   Next: 58%
Magic:  7/7        EV: 17    Int: 10    God:
Gold:   331        SH:  0    Dex: 20    Spells: 6/6 levels left

rFire   . . .      SeeInvis .   a - +0 shortbow
rCold   . . .      Faith    .   (shield currently unavailable)
rNeg    . . .      Spirit   .   f - +0 leather armour
rPois   .          Reflect  .   y - +0 helmet
rElec   .          Harm     .   (no cloak)
rCorr   .          Rampage  .   (no gloves)
Will    +....                   k - +0 pair of boots
Stlth   +++.......              (no amulet)
HPRegen 0.13/turn               d - ring of willpower
MPRegen 0.10/turn               l - +4 ring of protection

@: no status effects
A: small, no large weapons, nightstalker 3
a: no special abilities


You were on level 5 of the Dungeon.
You visited 1 branch of the dungeon, and saw 5 of its levels.

You collected 331 gold pieces.

Inventory:

Hand Weapons
 a - a +0 shortbow (weapon)
Armour
 f - a +0 leather armour (worn)
 k - a +0 pair of boots (worn)
 y - a +0 helmet (worn)
Jewellery
 d - a ring of willpower (left hand)
 l - a +4 ring of protection (right hand)
 t - a ring of wizardry
Wands
 b - a wand of digging (5)
Scrolls
 c - 2 scrolls of blinking
 e - a scroll of summoning {unknown}
 h - a scroll of poison {unknown}
 m - a scroll of enchant weapon {unknown}
 o - 4 scrolls of magic mapping
 p - a scroll of vulnerability {unknown}
 r - 3 scrolls of identify {unknown}
 u - a scroll of fog {unknown}
 x - a scroll of teleportation
Potions
 g - 2 potions of lignification
 i - a potion of heal wounds {unknown}
 j - 3 potions of might {unknown}
 n - a potion of haste {unknown}
 q - 2 potions of brilliance {unknown}
 s - a potion of mutation {unknown}
 v - a potion of flight {unknown}
 w - a potion of invisibility {unknown}


   Skills:
 - Level 2.1 Fighting
 * Level 9.7 Ranged Weapons
 + Level 5.7 Dodging
 - Level 1.3 Stealth


You had 6 spell levels left.
You didn't know any spells.
Your spell library contained the following spells:

 Spells                   Type           Power      Damage    Failure   Level
 Magic Dart               Conj           0%         1d3       47%         1
 Call Imp                 Summ           0%         N/A       63%         2
 Mephitic Cloud           Conj/Pois/Air  0%         N/A       85%         3


Dungeon Overview and Level Annotations

Branches:
Dungeon (5/15)
 Temple: D:4-7

Altars:
Kikubaaqudgha


Innate Abilities, Weirdness & Mutations

You are small and have problems with some larger weapons.
You are completely attuned to the shadows.


Message History

Press: ? - help, Q - select action Shift-Dir - straight line, f - black bear
Aim: a black bear (almost dead, berserk, 73% to hit)
You shoot an arrow. The arrow hits the black bear!
You kill the black bear!
You start resting.
HP restored.
Things that are here:
a black bear corpse; an adder corpse The ogre shouts!
You enter the shallow water.
Moving in this stuff is going to be slow.
Fire: a) +0 shortbow
Press: ? - help, Q - select action Shift-Dir - straight line, f - ogre
Aim: an ogre, wielding a +0 giant spiked club (79% to hit)
You shoot an arrow. The arrow barely misses the ogre.
Fire: a) +0 shortbow
Press: ? - help, Q - select action Shift-Dir - straight line, f/p - ogre
Aim: an ogre, wielding a +0 giant spiked club (79% to hit)
You shoot an arrow. The arrow hits the ogre!
The ogre is moderately wounded.
The ogre barely misses you.
Fire: a) +0 shortbow
Press: ? - help, Q - select action Shift-Dir - straight line, f/p - ogre
Aim: an ogre, wielding a +0 giant spiked club (moderately wounded, 79% to hit)
You shoot an arrow. The arrow hits the ogre!
The ogre is severely wounded.
The ogre hits you with a +0 giant spiked club!!
Ouch! That really hurt!
Fire: a) +0 shortbow
Press: ? - help, Q - select action Shift-Dir - straight line, f/p - ogre
Aim: an ogre, wielding a +0 giant spiked club (severely wounded, 79% to hit)
You shoot an arrow. The arrow barely misses the ogre.
Fire: a) +0 shortbow
Press: ? - help, Q - select action Shift-Dir - straight line, f/p - ogre
Aim: an ogre, wielding a +0 giant spiked club (severely wounded, 79% to hit)
You shoot an arrow. The arrow hits the ogre.
The ogre is almost dead.
The ogre hits you with a +0 giant spiked club!!
Ouch! That really hurt!
You die...

#######.########### #..#
##.....# #.##........# #..#
#.~~~~.####.##........# #...
#........##.##........# #.##
####..~~.....#.##...~....# #.##
#............#.##..≈~~...# #†#.
#.###.#..###..~..~≈~≈....###.#.
#[# #.#......≈≈~~~~...........<
#.# #.#.##.≈~O@##........###.##
#.# #.#.#..#.#.##...[....# #...
#.# #.#.#....#.##........# ####
#.# #.# #..###.################
#.# #.# #......................
#.# #.# .#.#.################
#.# #.# ####.######### #.# #.#
.............# #.# #.#
############.########


You could see an ogre.

Vanquished Creatures
  A black bear (D:5)
  2 ice beasts
  A scorpion (D:4)
  A jelly (D:5)
  An iguana (D:5)
  An orc wizard (D:5)
  5 adders
  A worm (D:3)
  4 dart slugs
  15 orcs
  4 ball pythons
  A bat (D:1)
  6 endoplasms
  10 giant cockroaches
  5 goblins
  5 hobgoblins
  3 jackals (D:4)
  7 kobolds
  2 quokkas
  2 frilled lizards
  6 rats
83 creatures vanquished.

Notes
Turn   | Place    | Note
-------+----------+-------------------------------------------
     0 | D:1      | EvilAshe the Kobold Hunter began the quest for the Orb.
     0 | D:1      | Reached XP level 1. HP: 12/12 MP: 1/1
    40 | D:1      | Reached XP level 2. HP: 15/17 MP: 2/2
   379 | D:1      | Reached skill level 6 in Ranged Weapons
   530 | D:1      | Reached XP level 3. HP: 20/21 MP: 3/3
  1390 | D:2      | Reached XP level 4. HP: 26/26 MP: 4/4
  1442 | D:2      | Found an ancient bone altar of Kikubaaqudgha.
  2569 | D:3      | Reached skill level 7 in Ranged Weapons
  3522 | D:4      | Reached XP level 5. HP: 29/30 MP: 5/5
  3528 | D:5      | Entered Level 5 of the Dungeon
  4281 | D:5      | Reached skill level 8 in Ranged Weapons
  4281 | D:5      | Reached XP level 6. HP: 16/35 MP: 6/6
  4792 | D:5      | Noticed an ice beast
  5233 | D:5      | Noticed an ogre
  5281 | D:4      | Killed an ice beast
  5282 | D:4      | Reached skill level 5 in Dodging
  5887 | D:5      | Reached skill level 9 in Ranged Weapons
  5887 | D:5      | Reached XP level 7. HP: 40/40 MP: 7/7
  6495 | D:5      | Demolished by an ogre

Illustrated notes

Levels and vault maps discovered:
D:1:      spicycebolla_arrival_ecumenical, layout_basic, fountainhead
D:2:      layout_basic, basic_altar, minmay_worlds_worst_comb
D:3:      minmay_spotlight, layout_basic
D:4:      layout_basic, hex_tiny
D:5:      layout_basic, serial_rivers, chequers_serial_rivers_micro_c,
          chequers_serial_rivers_small_a, chequers_serial_rivers_marsh,
          chequers_serial_rivers_micro_b

Skill      XL: |  1  2  3  4  5  6 |
---------------+-------------------+-----
Ranged Weapons | 6 7 8 9 |  9.7
Dodging        | 3 4 5 |  5.7
Fighting       | |  2.1
Stealth        | |  1.3

Action                   |  1- 3 |  4- 6 |  7- 9 || total
-------------------------+-------+-------+-------++-------
 Fire: Shortbow          |    94 |   177 |    31 ||   302
  Use: Potion            |     1 |     1 |       ||     2
       Scroll            |       |     7 |       ||     7
Armor: Leather armour    |     2 |     6 |     9 ||    17
       Scale mail        |     7 |       |       ||     7
       Chain mail        |    49 |       |       ||    49
       Plate armour      |       |   198 |       ||   198
Dodge: Dodged            |    55 |    35 |    18 ||   108
